Map: Dusk Towers

Players

James - Winner!

  • Race: Zerg Zerg
  • League: Silver

lesha

  • Race: Terran Terran
  • League: Silver

VOD

Have the link to the VOD?

Description

Time

  • Played on: Dec. 11, 2015, 11:11 a.m.
  • Length: 8:12
Show
View Real Time Build Order
Export as new Build Order

James Zerg - Winner!

Build Orders: Hatch First 

Get SALT Encoding   

  12  0:01  Drone  
  13  0:12  Overlord  
  13  0:17  Drone  
  14  0:30  Drone x2  
  14  0:34  Drone  
  17  0:54  Hatchery  
  17  0:55  Drone  
  17  1:12  Drone, Spawning Pool  
  17  1:23  Drone x2  
  17  1:24  Extractor  
  18  1:28  Drone  
  19  1:38  Overlord  
  19  1:49  Drone  
  20  2:00  Queen  
  22  2:01  Drone  
  23  2:10  Drone  
  23  2:14  Queen  
  26  2:16  Drone  
  27  2:23  Zergling x4  
  29  2:31  Drone  
  29  2:34  Metabolic Boost  
  30  2:52  Drone x2  
  32  3:09  Drone x4  
  32  3:10  Overlord  
  32  3:11  Overlord x3  
  36  3:17  Lair  
  36  3:30  Drone x5  
  41  3:36  Drone  
  42  3:45  Drone x2  
  44  3:51  Extractor  
  44  3:52  Extractor  
  44  3:55  Roach Warren  
  41  3:58  Evolution Chamber  
  41  4:00  Evolution Chamber  
  41  4:01  Drone x4  
  41  4:02  Drone x2  
  45  4:11  Extractor  
  44  4:26  Zerg Missile Weapons Level 1, Zerg Ground Armor Level 1  
  44  4:38  Drone x2  
  45  4:41  Drone x3  
  45  4:42  Drone  
  45  4:44  Glial Reconstitution  
  49  4:46  Roach x4  
  57  5:06  Roach x2  
  57  5:07  Roach x3  
  67  5:09  Overlord x2  
  67  5:10  Overlord x3  
  67  5:27  Hatchery  
  66  5:33  Spore Crawler  
  66  5:35  Drone, Spore Crawler  
  65  5:36  Drone  
  65  5:38  Drone x2  
  68  5:47  Roach x6  
  68  5:48  Hydralisk Den  
  79  6:01  Spore Crawler  
  78  6:05  Roach  
  78  6:06  Roach x4  
  88  6:25  Lurker Den  
  88  6:27  Infestation Pit  
  87  6:41  Drone x3, Spore Crawler  
  87  6:43  Spore Crawler  
  88  6:55  Ravager x7  
  88  6:56  Ravager  
  96  7:02  Drone  
  96  7:03  Drone  
  96  7:04  Overlord  
  96  7:05  Overlord x5  
  95  7:34  Roach  
  95  7:35  Roach x7  
  101  7:46  Zergling x2  
  101  7:47  Zergling x12  
Show
View Real Time Build Order
Export as new Build Order

lesha Terran 

Build Orders:  

Get SALT Encoding   

  12  0:01  SCV  
  13  0:13  SCV  
  14  0:18  Supply Depot  
  14  0:25  SCV  
  15  0:40  SCV  
  15  0:42  Barracks  
  16  0:52  SCV  
  18  1:04  SCV  
  18  1:16  Command Center  
  18  1:20  SCV  
  19  1:26  Refinery  
  19  1:30  Refinery  
  19  1:34  SCV  
  20  1:43  Marine  
  20  1:46  Orbital Command  
  21  1:55  Supply Depot  
  21  2:17  SCV  
  22  2:25  Marine  
  22  2:29  SCV  
  24  2:37  Factory  
  24  2:42  Marine  
  24  2:43  SCV  
  26  2:44  Orbital Command  
  26  2:55  SCV  
  27  3:01  Barracks Reactor  
  27  3:07  SCV  
  27  3:12  Barracks  
  28  3:14  SCV  
  28  3:19  SCV  
  30  3:20  Supply Depot  
  30  3:22  Factory Tech Lab  
  30  3:26  SCV  
  31  3:31  SCV  
  32  3:37  Starport  
  32  3:38  SCV  
  33  3:42  Marine x2  
  33  3:44  Siege Tank  
  38  3:51  SCV  
  38  3:52  SCV  
  40  3:57  Supply Depot  
  40  4:00  Engineering Bay  
  40  4:04  SCV x2  
  40  4:07  Engineering Bay  
  40  4:09  Barracks Tech Lab  
  42  4:11  Marine x2  
  42  4:16  SCV x2  
  46  4:24  Viking  
  46  4:30  SCV x2  
  50  4:42  SCV x2  
  51  4:46  Stimpack  
  51  4:54  SCV x2  
  51  4:56  Barracks  
  51  4:57  Barracks  
  51  4:58  Command Center  
  53  5:06  SCV x2  
  55  5:07  Marine x2  
  55  5:08  Marauder  
  55  5:10  Siege Tank, Starport Reactor  
  62  5:20  Terran Infantry Weapons Level 1  
  62  5:21  Terran Infantry Armor Level 1  
  62  5:39  Supply Depot  
  62  5:40  Supply Depot  
  62  5:58  Refinery  
  62  5:59  Refinery  
  62  6:00  SCV x2, Marine x3  
  67  6:11  Medivac x2  
  67  6:13  SCV x2  
  67  6:18  Marine x2  
  73  6:19  Marauder  
  73  6:25  SCV x2  
  79  6:33  Barracks Reactor  
  79  6:34  Barracks Reactor  
  79  6:36  Marine x2  
  79  6:37  SCV x2  
  83  6:40  Marauder  
  85  6:53  Orbital Command  
  85  6:54  Marine x2  
  88  7:01  Reaper  
  68  7:33  Marauder  
  65  7:37  Marine x3  
  65  7:38  Marine  
Tags
 
Add a new tag
Caveats
  • Supply blocks, unpowered buildings, or Contaminate may cause inaccurate times.
  • Supply counts are checked every 10 seconds.